 Dungeon Crawl Stone Soup version 0.21-a0-207-g4a9efaf (webtiles) character file.

8980 namelastname112 the Artisan of Death (level 11, -8/82 HPs)
             Began as a Purple Draconian Necromancer on Aug 21, 2017.
             Was a Priest of Kikubaaqudgha.
             Mangled by Snorg (16 damage)
             ... on level 11 of the Dungeon.
             The game lasted 00:20:41 (10427 turns).

namelastname112 the Artisan of Death (DrNe)        Turns: 10427, Time: 00:20:42

Health: -8/82      AC: 10    Str: 10    XL:     11   Next: 17%
Magic:  2/23       EV: 17    Int: 19    God:    Kikubaaqudgha [***...]
Gold:   455        SH:  0    Dex: 18    Spells: 9/26 levels left

rFire    . . .     SeeInvis +   j - +2 scimitar (freeze)
rCold    . . .     Gourm    .   (no shield)
rNeg     . . .     Faith    +   (armour unavailable)
rPois    .         Spirit   .   (helmet restricted)
rElec    .         Reflect  .   L - +0 cloak of the Tuna {Dex+4}
rCorr    .         Harm     .   (no gloves)
MR       +....                  v - +1 pair of boots
Stlth    ++........             x - amulet of faith
HPRegen  1.63/turn              K - ring of see invisible
MPRegen  0.18/turn              (no ring)

@: short of breath, very slightly contaminated, regenerating
A: breathe power, unfitting armour, talons 1, clever 1, frail 1, regeneration 1,
cold-blooded, AC +7
a: Breathe Dispelling Energy, Receive Corpses, Renounce Religion


You were on level 11 of the Dungeon.
You worshipped Kikubaaqudgha.
Kikubaaqudgha was most pleased with you.
You were hungry.

You visited 2 branches of the dungeon, and saw 12 of its levels.

You collected 455 gold pieces.

Inventory:

Hand Weapons
 c - a +0 short sword
 j - a +2 scimitar of freezing (weapon)
 B - a +1 dagger of venom
Armour
 v - a +1 pair of boots (worn)
 L - the +0 cloak of the Tuna (worn) {Dex+4}
   (You acquired it on level 9 of the Dungeon)

   It affects your dexterity (+4).
Jewellery
 m - a +2 amulet of reflection {unknown}
 x - an amulet of faith (around neck)
 K - a ring of see invisible (left hand)
Wands
 r - a wand of confusion (18/48)
 s - a wand of lightning (0/15)
 w - a wand of confusion (32/48)
 A - a wand of random effects (21/48)
 F - a wand of flame (35/48)
 M - a wand of acid (4/15)
 O - a wand of flame (34/48)
Scrolls
 d - 5 scrolls of identify
 q - 4 scrolls of teleportation
 u - 3 scrolls of remove curse
 y - a scroll of enchant weapon
 E - 2 scrolls of amnesia
Potions
 e - 2 potions of might
 g - a potion of flight
 h - 2 potions of haste
 i - a potion of resistance
 n - a potion of berserk rage
 p - a potion of ambrosia
 t - 8 potions of curing
 z - 4 potions of lignification
Books
 a - a book of Necromancy

   Spells                             Type                      Level
   a - Pain                           Necromancy                   1
   b - Animate Skeleton               Necromancy                   1
   c - Vampiric Draining              Necromancy                   3
   d - Regeneration                   Charms/Necromancy            3
   e - Animate Dead                   Necromancy                   4
   f - Control Undead                 Necromancy                   4
 f - a book of Geomancy

   Spells                             Type                      Level
   a - Sandblast                      Earth                        1
   b - Passwall                       Transmutation/Earth          2
   c - Stone Arrow                    Conjuration/Earth            3
   d - Petrify                        Transmutation/Earth          4
   e - Lee's Rapid Deconstruction     Earth                        5
 C - the Compendium of Curses
   (You acquired it on level 10 of the Dungeon)

   Spells                             Type                      Level
   a - Spectral Weapon                Hexes/Charms                 3
   b - Leda's Liquefaction            Hexes/Earth                  4
 G - a book of Misfortune

   Spells                             Type                      Level
   a - Confusing Touch                Hexes                        1
   b - Confuse                        Hexes                        3
   c - Gell's Gravitas                Translocation                3
   d - Petrify                        Transmutation/Earth          4
   e - Metabolic Englaciation         Hexes/Ice                    5
   f - Yara's Violent Unravelling     Hexes/Transmutation          5
 H - Kikubaaqudgha's Papyrus of Evil Secrets
   (Kikubaaqudgha gifted it to you on level 8 of the Dungeon)

   Spells                             Type                      Level
   a - Animate Skeleton               Necromancy                   1
   b - Corpse Rot                     Necromancy                   2
   c - Sublimation of Blood           Necromancy                   2
   d - Vampiric Draining              Necromancy                   3
   e - Control Undead                 Necromancy                   4
 I - a book of Conjurations

   Spells                             Type                      Level
   a - Magic Dart                     Conjuration                  1
   b - Searing Ray                    Conjuration                  2
   c - Dazzling Spray                 Conjuration/Hexes            3
   d - Fulminant Prism                Conjuration/Hexes            4
   e - Force Lance                    Conjuration/Translocation    4
   f - Iskenderun's Mystic Blast      Conjuration                  4
 N - a book of Minor Magic

   Spells                             Type                      Level
   a - Magic Dart                     Conjuration                  1
   b - Blink                          Translocation                2
   c - Call Imp                       Summoning                    2
   d - Slow                           Hexes                        2
   e - Conjure Flame                  Conjuration/Fire             3
   f - Mephitic Cloud                 Conjuration/Poison/Air       3
 P - Kikubaaqudgha's Guide on Evil Arts
   (Kikubaaqudgha gifted it to you on level 10 of the Dungeon)

   Spells                             Type                      Level
   a - Animate Dead                   Necromancy                   4
   b - Excruciating Wounds            Charms/Necromancy            5
   c - Bolt of Draining               Conjuration/Necromancy       5
   d - Cigotuvi's Embrace             Necromancy                   5
   e - Dispel Undead                  Necromancy                   5
Comestibles
 b - 10 bread rations
 k - 2 meat rations
 l - 8 royal jellies
 D - 3 fruits
 Q - 3 chunks of flesh


   Skills:
 + Level 7.1 Fighting
 * Level 9.0 Long Blades
 + Level 6.4 Dodging
 - Level 1.7 Stealth
 + Level 8.0 Spellcasting
 * Level 10.2 Necromancy


You had 9 spell levels left.
You knew the following spells:

 Your Spells              Type           Power        Failure   Level  Hunger
a - Animate Skeleton      Necr           N/A          1%          1    None
b - Animate Dead          Necr           N/A          1%          4    ###....
c - Dispel Undead         Necr           #####...     3%          5    #####..
d - Regeneration          Chrm/Necr      ####......   3%          3    None
x - Vampiric Draining     Necr           #####.....   1%          3    None
z - Pain                  Necr           ####         1%          1    None


Dungeon Overview and Level Annotations

Branches:
Dungeon (11/15)            Temple (1/1) D:7            Lair (0/6) D:10
    Orc: D:9-12

Altars:
Ashenzari
Cheibriados
Elyvilon
Fedhas
Gozag
Hepliaklqana
Kikubaaqudgha
Makhleb
Nemelex Xobeh
Okawaru
Qazlal
Ru
Sif Muna
Trog
Uskayaw
Vehumet
Wu Jian
Yredelemnul
Zin
The Shining One
Lugonu

Shops:
D:9 %

Annotations:
D:9 4 runed doors
D:11 Snorg


Innate Abilities, Weirdness & Mutations

You can breathe bolts of dispelling energy.
Your rich purple scales are hard. (AC +7)
You cannot fit into any form of body armour.
You are cold-blooded and may be slowed by cold attacks.
You have sharp toenails.
Your mind is acute. (Int +2)
You are frail. (-10% HP)
Your natural rate of healing is unusually fast.


Message History

Nothing appears to happen.
Snorg closely misses you. Snorg claws you!
* * * LOW HITPOINT WARNING * * *
Snorg misses you.
You take 11 damage, and have 11/82 hp.
Okay, then.
Unknown command.
You feel much better. Snorg bites you. Snorg barely misses you.
Snorg misses you.
You regained 20 hp, and now have 31/82 hp.
Okay, then.
Press: ? - help, Shift-Dir - straight line, f/p - Snorg
Aim: Snorg (heavily wounded, berserk, fast, unusually strong)
You breathe a bolt of dispelling energy.
The bolt of dispelling energy hits Snorg.
Snorg is heavily wounded.
You feel somewhat more hungry. Snorg bites you!!
* * * LOW HITPOINT WARNING * * *
Snorg misses you. Snorg closely misses you. Snorg bites you!
You die...
Kikubaaqudgha rasps: "You have failed me!
Welcome... death!"

####..§####........
#.......# #.......
#...#.#.# ##.....#
###...#.#.# ##...##
#.....).#.# ##'##
#.......#.# #.#
#...Z...#.# #.#
###.T.###.# ##.##
#.@.....######...##
##.#####...##.....#
##...####..........D
#...........####.###
##...######## #.#
##.## #.# ### #.#
###T# ..#.#


You could see Snorg (berserk) and a friendly quokka zombie.

Vanquished Creatures
  The ghost of namelastname112 the Merchant of Misery, a journeyman TeNe of Kikubaaqudgha (D:9)
  Nergalle (D:10)
  Pikel (D:8)
  An ugly thing (D:11)
  3 trolls
  A hornet (D:11)
  A blink frog (D:10)
  2 hippogriffs (D:11)
  4 yaks (D:10)
  A wyvern (D:8)
  4 hogs (D:8)
  Grum (D:8)
  Duvessa (D:7)
  An ice beast (D:9)
  3 orc warriors
  A sky beast (D:8)
  A black bear (D:7)
  A hornet zombie (D:8)
  An eye of draining (D:9)
  2 phantoms
  4 centaurs
  3 wolves (D:8)
  4 ogres
  3 big kobolds
  4 bullfrogs
  Dowan (D:7)
  A scorpion (D:8)
  13 killer bees
  5 crimson imps
  A centaur zombie (D:7)
  2 bullfrog zombies
  4 hounds
  4 jellies
  A centaur skeleton (D:10)
  6 orc priests
  3 bullfrog skeletons
  2 orc wizards
  2 iguanas
  Jessica (D:2)
  4 worker ants
  A worker ant zombie (D:11)
  7 adders
  A howler monkey skeleton (D:6)
  A shadow imp (D:7)
  2 adder zombies (D:9)
  3 leopard geckos
  21 orcs
  A ball python (D:2)
  9 bats
  4 giant cockroaches
  9 hobgoblins
  18 jackals
  5 quokkas
  9 frilled lizards
  8 goblins
  19 kobolds
  A leopard gecko zombie (D:8)
  2 quokka zombies
  12 rats
233 creatures vanquished.

Vanquished Creatures (collateral kills)
  A bullfrog (D:9)
  A hound skeleton (D:8)
  An adder (D:10)
  A worm (D:3)
  An orc (D:10)
  A goblin (D:1)
6 creatures vanquished.

Vanquished Creatures (others)
  A slave (D:8)
  A human (D:8)
  2 orcs (D:8)
4 creatures vanquished.

Grand Total: 243 creatures vanquished

Notes
Turn   | Place    | Note
-------+----------+-------------------------------------------
     0 | D:1      | namelastname112 the Draconian Necromancer began the quest for the Orb.
     0 | D:1      | Reached XP level 1. HP: 14/14 MP: 3/3
    24 | D:1      | Learned a level 1 spell: Animate Skeleton
   103 | D:1      | Reached XP level 2. HP: 14/22 MP: 3/5
   190 | D:1      | HP: 1/22 [hobgoblin/club (1)]
   208 | D:1      | Reached skill level 1 in Fighting
  1100 | D:1      | Reached XP level 3. HP: 14/28 MP: 2/6
  1108 | D:1      | Learned a level 3 spell: Vampiric Draining
  1208 | D:1      | epen: любит наш народ
  1208 | D:1      | epen: всякое говно
  1208 | D:1      | namelastname112: лол
  1208 | D:1      | namelastname112: понравилось?
  1214 | D:1      | epen: ага
  1455 | D:2      | Noticed Jessica
  1465 | D:2      | Killed Jessica
  1485 | D:2      | Found a glowing golden altar of the Shining One.
  1534 | D:2      | Reached XP level 4. HP: 26/36 MP: 3/7
  2418 | D:3      | epen: ссссука
  2456 | D:3      | epen: комменты под видос охуенные
  2474 | D:3      | Reached skill level 1 in Long Blades
  2474 | D:3      | Reached skill level 5 in Necromancy
  2515 | D:3      | Reached XP level 5. HP: 30/41 MP: 9/9
  2773 | D:3      | namelastname112: че там
  3148 | D:4      | Learned a level 3 spell: Regeneration
  3261 | D:4      | Found a shattered altar of Ashenzari.
  3435 | D:4      | Reached XP level 6. HP: 39/48 MP: 10/10
  3478 | D:4      | epen: да хоть самый первый чекни
  3542 | D:4      | epen: а точнее ответы под ним
  3697 | D:4      | Found a glowing silver altar of Zin.
  3776 | D:4      | namelastname112: бля
  3776 | D:4      | namelastname112: это надо видос открывать
  3776 | D:4      | namelastname112: вся хуйня
  3776 | D:4      | namelastname112: покидай
  3776 | D:4      | namelastname112: если рили смешно
  3783 | D:5      | Entered Level 5 of the Dungeon
  4342 | D:5      | Found a snail-covered altar of Cheibriados.
  4362 | D:5      | Reached skill level 6 in Necromancy
  4362 | D:5      | Your scales start taking on a rich purple colour.
  4362 | D:5      | Reached XP level 7. HP: 24/56 MP: 9/13
  4837 | D:6      | Found a bloodstained altar of Trog.
  5058 | D:6      | Found a blossoming altar of Fedhas.
  5170 | D:6      | epen: нахер только детей деморализовывать!!!!!
  5254 | D:6      | Reached XP level 8. HP: 34/63 MP: 8/15
  5399 | D:6      | namelastname112: лол
  5399 | D:6      | epen: Интересно посмотреть на родителей, которые позволили своим детям сниматься в этом клипе и петь подобное! Просто интересно! Покажите!
  5401 | D:6      | epen: нахуй детей привлекать в такое ГОВНО ?????????????????????
  5409 | D:6      | Gained mutation: You are frail. (-10% HP) [potion of mutation]
  5409 | D:6      | Gained mutation: Your mind is acute. (Int +2) [potion of mutation]
  5409 | D:6      | Gained mutation: You have sharp toenails. [potion of mutation]
  5409 | D:6      | Gained mutation: Your natural rate of healing is unusually fast. [potion of mutation]
  5461 | D:7      | Found a staircase to the Ecumenical Temple.
  5529 | Temple   | Entered the Ecumenical Temple
  5585 | Temple   | epen: Гимн Украины только на русском языке...
  5612 | Temple   | Became a worshipper of Kikubaaqudgha
  5613 | Temple   | namelastname112: лол блять
  5613 | Temple   | namelastname112: что нахуй
  5779 | D:7      | Learned a level 4 spell: Animate Dead
  5839 | D:7      | Found an opulent altar of Gozag.
  5855 | D:7      | epen: Прикинь , позавчера водку бананами закусывали ) Только гимн США какой ? Они там тупо у ростовщиков на коротком поводке ходят )
  5932 | D:7      | Noticed Dowan
  5935 | D:7      | Noticed Duvessa
  5954 | D:7      | epen: ЕЙ,умники ХУИНЫЕ,это не гимн России,это вам БЛЯДЯМ РЕКВИЕМ!!!!!!!!!!!!!!!!!!! Сосите причмокивая леденец пиндосовский,а со славиком мальцевым в АДУ революцию делать будете!
  5971 | D:7      | Killed Duvessa
  5971 | D:7      | Reached skill level 5 in Spellcasting
  5971 | D:7      | Reached skill level 7 in Necromancy
  5972 | D:7      | Killed Dowan
  6001 | D:7      | Reached skill level 5 in Long Blades
  6087 | D:7      | epen: Товарищи хохлы, слушайте и комментируйте свои песни, кончичу вурст и других евроисполнителей. У меня есть вопросы к своему правительству, но с вами шавками я их обсуждать не собираюсь.
  6116 | D:7      | Found an ornate altar of the Wu Jian Council.
  6127 | D:7      | epen: ссссука
  6136 | D:7      | Found an iron altar of Okawaru.
  6364 | D:7      | Found a deep blue altar of Sif Muna.
  6366 | D:7      | Found a hide-covered altar of Uskayaw.
  6368 | D:7      | Found a basalt altar of Yredelemnul.
  6387 | D:7      | epen: Эта хуйня вообще ни каким боком к группе "Ленинград" отношения не имеет
  6479 | D:8      | namelastname112: бля
  6479 | D:8      | namelastname112: шел 2017 год
  6479 | D:8      | namelastname112: комменты про хохлов все еще появлялись
  6501 | D:8      | HP: 2/59 [hornet zombie (7)]
  6514 | D:8      | epen: Сам ты тролль. А клип-говно, и шнур за этот клип- то же говно о котором в клипе поют. Это его имидж и он так вас троллит и упивается своей безнаказанностью и распутством и в вашими восторгами от издевательства над вами.
  6688 | D:8      | HP: 2/59 [hornet zombie (6)]
  7057 | D:8      | Reached * piety under Kikubaaqudgha
  7057 | D:8      | Identified Kikubaaqudgha's Papyrus of Evil Secrets (Kikubaaqudgha gifted it to you on level 8 of the Dungeon)
  7057 | D:8      | Received a gift from Kikubaaqudgha
  7073 | D:8      | Reached XP level 9. HP: 55/64 MP: 17/17
  7101 | D:8      | epen: ссссссука
  7106 | D:8      | epen: говно не народ,а те кто заставляют петь такие песни детей.
  7136 | D:8      | Noticed Grum
  7155 | D:8      | Killed Grum
  7161 | D:8      | Reached skill level 8 in Necromancy
  7448 | D:8      | Noticed Pikel
  7456 | D:8      | epen: Из-за поющих детей дизлайк...
  7468 | D:8      | Killed Pikel
  7468 | D:8      | Reached skill level 5 in Fighting
  7472 | D:8      | namelastname112: бля
  7472 | D:8      | namelastname112: данил
  7472 | D:8      | namelastname112: почему людитакие конченые?
  7531 | D:8      | Reached skill level 5 in Dodging
  7951 | D:9      | Found a shattered altar of Ashenzari.
  7956 | D:9      | Noticed namelastname112's ghost (journeyman TeNe)
  7957 | D:9      | epen: Чет сомнительно что Шнур имеет отношение к этому клипу. Реально же гавно.
  8105 | D:9      | Found Xudeowis's Food Boutique.
  8136 | D:9      | Reached ** piety under Kikubaaqudgha
  8136 | D:9      | Reached XP level 10. HP: 53/74 MP: 14/20
  8138 | D:9      | epen: в первую очередь касается г. Ленинград, с её дешёвой популярностью. ещё и развращают невинные души детей , которые не ведают что и о чем поют.
  8320 | D:9      | Killed namelastname112's ghost
  8320 | D:9      | Reached skill level 9 in Necromancy
  8558 | D:9      | epen: детей в такое втягивать... дальше что, педофилия? При всём уважении к Шнуру, берега то видеть надо.
  8558 | D:9      | epen: сука
  8581 | D:9      | Found a huge runed gate.
  8651 | D:9      | Found a huge runed gate.
  8652 | D:9      | Found a huge runed gate.
  8653 | D:9      | Found a huge runed gate.
  8658 | D:9      | epen: они блять знают чем вообще дети сейчас занимаются?
  8750 | D:9      | namelastname112: лол
  8750 | D:9      | namelastname112: ебашут водяру в 10 лет
  8750 | D:9      | namelastname112: как нехуй
  8795 | D:9      | Identified 2 scrolls of acquirement
  8796 | D:9      | Got a scorched cloak
  8802 | D:9      | Identified the +0 cloak of the Tuna {Dex+4} (You acquired it on level 9 of the Dungeon)
  8804 | D:10     | Entered Level 10 of the Dungeon
  8837 | D:10     | epen: сука
  8839 | D:10     | epen: авзщавзащвзащвза
  8842 | D:10     | epen: причем тут Россия? это песня про украину и хохлов! про кастрюлеголовых, которые любят всякое говно...
  9010 | D:10     | Found a staircase to the Lair.
  9063 | D:10     | Reached *** piety under Kikubaaqudgha
  9063 | D:10     | Identified Kikubaaqudgha's Guide on Evil Arts (Kikubaaqudgha gifted it to you on level 10 of the Dungeon)
  9063 | D:10     | Received a gift from Kikubaaqudgha
  9065 | D:10     | epen: бляяяяяя
  9065 | D:10     | epen: Шнур поднялся и теперь поёт о том, что для народа - обыденность. Не может народ купить БМВ, не может народ купить участок земли, чтобы на газонах не делать грядки. Не может народ жить при деньгах, если их мало и при этом каждую копейку экономить приходится. Песня хорошая, но не тебе, Сергей, так о народе отзываться. Если ты поднялся, то не надо на народ смотреть свысока.
  9065 | D:10     | namelastname112: сука блять
  9065 | D:10     | epen: это же пиздец нахуй
  9065 | D:10     | namelastname112: ебаный кику
  9065 | D:10     | epen: лол
  9065 | D:10     | namelastname112: опять хуев в жопу насовал
  9065 | D:10     | epen: а чё?
  9065 | D:10     | namelastname112: нет нужных спеллов
  9065 | D:10     | namelastname112: двух
  9065 | D:10     | namelastname112: пидорас блять
  9291 | D:10     | Learned a level 5 spell: Dispel Undead
  9291 | D:10     | epen: Бляди! Люди! Как такое, можно любить и слушать!? Сергей (по батюшке не знаю) Шнуров, Вам в открытую говорит- "Вы говно". А, Вы...!? Вы! Улыбаетесь и машете...
  9291 | D:10     | namelastname112: лол
  9633 | D:10     | Noticed Nergalle
  9651 | D:10     | Killed Nergalle
  9775 | D:11     | Noticed a white ugly thing
  9782 | D:11     | Killed a white ugly thing
  9782 | D:11     | Reached skill level 10 in Necromancy
  9782 | D:11     | Reached XP level 11. HP: 28/81 MP: 9/22
 10251 | D:11     | Noticed a four-headed hydra
 10259 | D:11     | Noticed Snorg
 10329 | D:10     | namelastname112: так
 10329 | D:10     | epen: +Анна Анютка не Вову, а Владимира! Ну это так что бы ты знала как обращаться к президенту или называть, видно тебя этому дома не учили! Во вторых Владимира Путина любят люди, а вот быдло его всегда оскорбляет! Так что посмотри в зеркало и ты поймешь кто ты!
 10329 | D:10     | namelastname112: данил
 10329 | D:10     | namelastname112: смотри
 10329 | D:10     | namelastname112: акварим книгу
 10329 | D:10     | epen: не
 10329 | D:10     | namelastname112: это анлайф
 10329 | D:10     | epen: не надо
 10329 | D:10     | epen: алло
 10329 | D:10     | epen: шанс-то
 10329 | D:10     | namelastname112: бля
 10329 | D:10     | namelastname112: заебал ты
 10329 | D:10     | namelastname112: че ты
 10329 | D:10     | namelastname112: я говорю
 10329 | D:10     | namelastname112: сто раз так делал
 10329 | D:10     | namelastname112: смотри
 10329 | D:10     | Identified the Compendium of Curses (You acquired it on level 10 of the Dungeon)
 10331 | D:10     | namelastname112: blyaaaaaaaaaaaaaaaaaaaaaa
 10427 | D:11     | Mangled by Snorg

Vault maps used:
D:1:      dpeg_arrival_shrine
D:2:      tso_oasis_becter, uniq_jessica
D:4:      evilmike_ruin_ashenzari, zin_statuary
D:5:      kennysheep_little_box, first_bread
D:6:      bloody_trog, basic_altar
D:7:      nicolae_overflow_crystal_walls, okawaru_gym_becter,
          nicolae_gozag_seed_capital, minitemple, minmay_temple_entry_trees,
          uniq_duvessa
D:8:      grunt_livestock, uniq_pikel, uniq_grum
D:9:      lemuel_bear_cage, basic_altar, serial_shops, nicolae_shop_crystal,
          kennysheep_generic_room_9
D:10:     lair_entry_dummy, nicolae_wwwww, uniq_nergalle
D:11:     serial_undead, serial_undead_e, serial_undead_d, serial_undead_d,
          serial_undead_c, serial_undead_e, nrook_mini_backslash,
          fedhas_altar_decomposition, uniq_snorg
Temple:   kb_corrupted_temple

Skill      XL: |  1  2  3  4  5  6  7  8  9 10 11 |
---------------+----------------------------------+-----
Fighting       | 1 2 3 4 5 6 7 |  7.1
Dodging        | 2 3 4 5 6 |  6.4
Long Blades    | 1 2 3 4 5 7 8 9 |  9.0
Necromancy     | 5 6 7 8 10 | 10.2
Spellcasting   | 3 4 5 6 7 8 |  8.0
Stealth        | |  1.7

Action                   |  1- 3 |  4- 6 |  7- 9 | 10-12 || total
-------------------------+-------+-------+-------+-------++-------
Melee: Short sword       |    81 |    26 |       |       ||   107
       Tailslap          |     8 |    15 |    44 |    31 ||    98
       Unarmed           |     2 |       |       |       ||     2
       Scimitar          |       |   157 |   284 |   211 ||   652
 Cast: Pain              |    36 |    12 |       |       ||    48
       Animate Skeleton  |     9 |    12 |    12 |    11 ||    44
       Vampiric Draining |       |    10 |    33 |    39 ||    82
       Regeneration      |       |     1 |     1 |     3 ||     5
       Animate Dead      |       |       |     1 |     5 ||     6
Invok: Receive Corpses   |       |       |       |     1 ||     1
 Abil: Breathe Dispellin |       |       |     4 |     3 ||     7
Evoke: Wand              |       |       |       |     2 ||     2
  Use: Potion            |       |     3 |     3 |     2 ||     8
       Scroll            |       |       |    18 |     5 ||    23
 Stab: Sleeping          |     1 |     7 |     1 |     3 ||    12
       Distracted        |       |       |     3 |     1 ||     4
  Eat: Chunk             |     2 |    11 |     9 |     5 ||    27
       Meat ration       |       |       |     2 |       ||     2
Armor: Skin              |    33 |    82 |   112 |    92 ||   319
Dodge: Dodged            |    83 |   144 |   248 |   246 ||   721
       Rpst.: Scimitar   |       |    35 |    72 |    61 ||   168
